AoeStats
← Milo Thatch

Arabia

510247258Analyzed
1v1 RM · 2d ago on Sep 30, 2026· 62m 14s· 2 players
Game mode
Random Map
Map size
Tiny (2 player)
Population
200
Speed
Normal
Resources
Standard
Victory
Conquest
Starting age
Dark Age
Ending age
Imperial Age
RankedLock teamsTeams togetherTeam positionsShared explorationLock speedFull tech treeHidden civsTurbo modeCheats
Victory
Defeat
🇺🇾 Koreans · Uruguay
676
+14
🇺🇸 Slavs · United States
641
-20
Milo Thatch
7:00 Loom
11:42 Feudal Age
12:47 Horse Collar
12:54 Double-Bit Axe
16:46 Bloodlines
18:36 Man-at-Arms
21:45 Gold Mining
21:45 Stone Mining
26:29 Castle Age
24:59 Padded Archer Armor
24:49 Fletching
25:12 Forging
28:49 Gold Shaft Mining
28:22 Heavy Plow
28:00 Crossbowman
31:11 Detinets
42:38 Imperial Age
43:20 Iron Casting
42:45 Scale Mail Armor
45:47 Wheelbarrow
45:38 Ballistics
46:18 Chemistry
44:55 Elite Boyar
45:24 Capped Ram
47:40 Crop Rotation
47:27 Siege Ram
49:45 Blast Furnace
48:35 Pikeman
50:13 Leather Archer Armor
49:54 Bodkin Arrow
50:06 Scale Barding Armor
50:17 Chain Mail Armor
50:15 Halberdier
51:45 Squires
51:53 Husbandry
59:51 Plate Mail Armor
DEITRON
1:02 Loom
12:03 Feudal Age
13:53 Wheelbarrow
13:31 Double-Bit Axe
19:27 Castle Age
23:34 Bow Saw
31:15 Horse Collar
37:53 Imperial Age
38:28 Crossbowman
39:14 Thumb Ring
39:20 Gold Mining
39:21 Stone Mining
41:51 Chemistry
42:02 Murder Holes
41:47 Treadmill Crane
42:13 Siege Engineers
42:04 Cavalier
42:46 Husbandry
44:22 Two-Man Saw
46:05 Heavy Plow
46:30 Ballistics
46:40 Shinkichon
46:58 Hand Cart
47:29 Gold Shaft Mining
48:38 Fletching
48:54 Scale Barding Armor
49:00 Forging
48:33 Arbalester
51:00 Heavy Rocket Cart
51:07 Heavy Rocket Cart
55:46 Bodkin Arrow
56:27 Iron Casting
56:13 Chain Barding Armor
57:54 Conscription
58:57 Stone Shaft Mining
Connection lost

Rejoining the realm…

Still unreachable

The connection could not be restored.

Session expired

The server has moved on; the page needs a fresh start.